 Dungeon Crawl Stone Soup version 0.23-a0-181-g24f899a (webtiles) character file.

49 nubinia the Magician (level 3, -1/19 HPs)
             Began as a Deep Elf Wizard on Sept 19, 2018.
             Was an Initiate of Sif Muna.
             Slain by an orc
             ... wielding a +0 short sword
              (5 damage)
             ... on level 2 of the Dungeon.
             The game lasted 00:06:26 (1715 turns).

nubinia the Magician (Deep Elf Wizard)              Turns: 1715, Time: 00:06:27

Health: -1/19      AC:  3    Str:  4    XL:     3   Next: 51%
Magic:  9/12       EV: 13    Int: 22    God:    Sif Muna [......]
Gold:   40         SH:  0    Dex: 14    Spells: 4/13 levels left

rFire    . . .     SeeInvis .   p - +0 dagger
rCold    + . .     Gourm    .   (no shield)
rNeg     . . .     Faith    .   a - +0 robe
rPois    .         Spirit   .   b - +0 hat
rElec    .         Reflect  .   (no cloak)
rCorr    .         Harm     .   o - +0 pair of gloves
MR       .....                  (no boots)
Stlth    ++........             (no amulet)
HPRegen  0.06/turn              e - ring of protection from cold
MPRegen  0.13/turn              c - ring of wizardry

@: no status effects
A: no striking features
a: Renounce Religion


You were on level 2 of the Dungeon.
You worshipped Sif Muna.
Sif Muna was noncommittal.
You were not hungry.

You visited 1 branch of the dungeon, and saw 3 of its levels.

You collected 40 gold pieces.

Inventory:

Hand Weapons
 p - a +0 dagger (weapon)
Armour
 a - a +0 robe (worn)
 b - a +0 hat (worn)
 m - a +0 pair of gloves
 o - a +0 pair of gloves (worn)
Jewellery
 c - a ring of wizardry (right hand)
 e - a ring of protection from cold (left hand)
Scrolls
 g - 2 scrolls of enchant weapon
 h - 2 scrolls of enchant armour
Potions
 j - a potion of curing {unknown}
 k - a potion of invisibility {unknown}
Comestibles
 d - 3 rations


   Skills:
 + Level 2.8 Dodging
 + Level 2.8 Stealth
 * Level 5.6 Spellcasting
 * Level 1.8 Conjurations
   Level 1.1 Summonings
 + Level 1.1 Translocations


You had 4 spell levels left.
You knew the following spells:

 Your Spells              Type           Power        Failure   Level  Hunger
a - Magic Dart            Conj           ##..         1%          1    None
b - Blink                 Tloc           N/A          3%          2    None
c - Mephitic Cloud        Conj/Pois/Air  #.......     9%          3    ##.....
d - Conjure Flame         Conj/Fire      ##......     8%          3    ##.....

Your spell library contained the following spells:

 Spells                   Type           Power        Failure   Level  Hunger
 Call Imp                 Summ           ##......     3%          2    None
 Slow                     Hex            #.......     6%          2    None


Dungeon Overview and Level Annotations

Branches:
Dungeon (3/15)

Altars:
Cheibriados
Sif Muna
Trog
The Shining One


Message History

Casting: Magic Dart (safe; 1% risk of failure)
Confirm with . or Enter, or press ? or * to list all spells.
Aiming: Magic Dart (safe; 1% risk of failure)
Press: ? - help, Shift-Dir - straight line, f/p - orc
Aim: an orc, wielding a short sword (lightly wounded)
The magic dart hits the orc.
The orc is moderately wounded.
The orc closely misses you.
Unknown command.
Unknown command.
Unknown command.
Casting: Magic Dart (safe; 1% risk of failure)
Confirm with . or Enter, or press ? or * to list all spells.
Aiming: Magic Dart (safe; 1% risk of failure)
Press: ? - help, Shift-Dir - straight line, f/p - orc
Aim: an orc, wielding a short sword (moderately wounded)
The magic dart hits the orc.
The orc is heavily wounded.
The orc hits you with a short sword.
You die...

.....# ##....###.###.....<....#
...(.#######..###.......>......#
..##..................###.######
.........##.##.......## #.#
.........##.#..##.....###.#
....#....##...####.#.>....#
.#.).........## #.##.##..#
##..)....#..######.##.##..##
.........#.## #.@o.##.#....#
..#......#.# #....##.#....#
....#......####....##.#....#
.###...............##.#....#
.#...#####.#.......##.######
...#######.####..........#
........#..####..........#
##....#..................#
####.###.###............#


You could see an orc.

Vanquished Creatures
  An adder (D:2)
  An ooze (D:1)
  An adder zombie (D:3)
  2 dart slugs
  4 goblins
  3 hobgoblins
  6 kobolds
  A quokka (D:2)
  4 bats
  2 frilled lizards
  5 rats
30 creatures vanquished.

Notes
Turn   | Place    | Note
-------+----------+-------------------------------------------
     0 | D:1      | nubinia the Deep Elf Wizard began the quest for the Orb.
     0 | D:1      | Reached XP level 1. HP: 10/10 MP: 7/7
    32 | D:1      | You fall through a shaft!
   306 | D:1      | Reached skill level 5 in Spellcasting
   306 | D:1      | Reached XP level 2. HP: 15/15 MP: 2/10
   495 | D:1      | Learned a level 2 spell: Blink
  1237 | D:2      | Reached XP level 3. HP: 19/19 MP: 3/12
  1570 | D:2      | Found a bloodstained altar of Trog.
  1575 | D:2      | Found a glowing golden altar of the Shining One.
  1580 | D:2      | Found a deep blue altar of Sif Muna.
  1581 | D:2      | Found a snail-covered altar of Cheibriados.
  1585 | D:2      | Became a worshipper of Sif Muna the Loreminder
  1632 | D:2      | Learned a level 3 spell: Mephitic Cloud
  1660 | D:2      | Learned a level 3 spell: Conjure Flame
  1715 | D:2      | Slain by an orc

Vault maps used:
D:1:      noname_arrival_rooms_in_the_neighbourhood
D:2:      minitemple
D:3:      old_standard_altar, serial_undead, serial_undead_d, serial_undead_b,
          serial_undead_d, serial_undead_a, serial_undead_c, serial_undead_d,
          chequers_ecumenical_altar_simple, uniq_ijyb

Skill      XL: |  1 |
---------------+----+-----
Spellcasting   | 5 |  5.6
Dodging        | |  2.8
Stealth        | |  2.8
Conjurations   | |  1.8
Summonings     | |  1.1
Translocations | |  1.1

Action                   || total
-------------------------++-------
Melee: Dagger            ||    12
       Unarmed           ||     1
 Cast: Magic Dart        ||    66
  Use: Scroll            ||     5
  Eat: Chunk             ||     2
Armor: Robe              ||     2
Dodge: Dodged            ||    18

Table legend:
 A = Non-vault XP
 B = Vault XP
 C = Vault XP percentage of total XP
 D = Non-vault monster count
 E = Vault monster count
 F = Vault count percentage of total count
                 A         B        C        D         E       F
            +---------+---------+-------+---------+---------+-------
      Total |      64 |       6 |   8.6 |      29 |       1 |   3.3
            +---------+---------+-------+---------+---------+-------
        D:1 |      27 |       0 |   0.0 |      14 |       0 |   0.0
        D:2 |      37 |       0 |   0.0 |      15 |       0 |   0.0
        D:3 |       0 |       6 | 100.0 |       0 |       1 | 100.0
            +---------+---------+-------+---------+---------+-------
